 Dungeon Crawl Stone Soup version 0.26.1-10-gdfb7c7de75 (webtiles) character file.

Game seed: 4486419572869596213

23 pilgrim the Sneak (level 3, 0/19 HPs)
             Began as a Kobold Enchanter on Mar 23, 2021.
             Slain by a worm (10 damage)
             ... on level 2 of the Dungeon on Apr 1, 2021.
             The game lasted 00:05:58 (1584 turns).

pilgrim the Sneak (Kobold Enchanter)                Turns: 1584, Time: 00:05:59

Health: 0/19       AC:  3    Str:  5    XL:     3   Next: 12%
Magic:  6/6        EV: 14    Int: 16    God:
Gold:   104        SH:  0    Dex: 16    Spells: 5/6 levels left

rFire    . . .     SeeInvis .   a - +0 dagger (freeze)
rCold    . . .     Faith    .   (shield restricted)
rNeg     . . .     Spirit   .   f - +0 leather armour
rPois    .         Reflect  .   (no helmet)
rElec    .         Harm     .   (no cloak)
rCorr    .         Rampage  .   (no gloves)
Will     .....                  (no boots)
Stlth    ++++......             (no amulet)
HPRegen  0.06/turn              (no ring)
MPRegen  0.10/turn              (no ring)

@: no status effects
A: small, nightstalker 3
a: no special abilities


You were on level 2 of the Dungeon.
You visited 1 branch of the dungeon, and saw 2 of its levels.

You collected 104 gold pieces.

Inventory:

Hand Weapons
 a - a +0 dagger of freezing (weapon)
Missiles
 b - a stone (quivered)
Armour
 f - a +0 leather armour (worn)
Jewellery
 g - an uncursed ring of ice {unknown}
Scrolls
 c - a scroll of identify {unknown}
 h - a scroll of remove curse {unknown}
Potions
 d - 2 potions of curing {unknown}
 e - a potion of ambrosia {unknown}


   Skills:
 * Level 2.7 Short Blades
 - Level 2.4 Dodging
 + Level 4.6 Stealth
 - Level 2.3 Spellcasting
 - Level 3.0 Hexes


You had 5 spell levels left.
You knew the following spells:

 Your Spells              Type           Power        Failure   Level
a - Corona                Hex            12%          10%         1

Your spell library contained the following spells:

 Spells                   Type           Power        Failure   Level
 Ensorcelled Hibernation  Hex/Ice        12%          26%         2
 Confusing Touch          Hex            11%          28%         3
 Tukima's Dance           Hex            11%          28%         3
 Dazzling Flash           Conj/Hex       12%          47%         3


Dungeon Overview and Level Annotations

Branches:
Dungeon (2/15)

Altars:


Innate Abilities, Weirdness & Mutations

You are small and have problems with some larger weapons.
You are completely attuned to the shadows.


Message History

You see here a poisoned dart.
b - a stone You see here a frilled lizard corpse.
There is a stone staircase leading up here.
You climb upwards.
There is a stone staircase leading down here.
You can't go up here!
You climb downwards.
There is a stone staircase leading up here.
You climb upwards.
There is a stone staircase leading down here.
You start resting.
HP restored.
You climb downwards.
The worm bites you!
There is a stone staircase leading up here.
You hit the worm. You freeze the worm.
The worm is lightly wounded.
The worm bites you!
Ouch! That really hurt!
You die...

... #. ..# . #. #.#
..#.### #.# ......####
#.#########
#......#########.........#
##...Z..((.w((.((((......#
####(###########..(.....#
#...w@(.(......((....#
#############........#
#........# #.....(..#
#........# ##########


You could see a worm.

Vanquished Creatures
  An ooze (D:1)
  A leopard gecko (D:1)
  A ball python (D:1)
  2 giant cockroaches (D:1)
  4 goblins
  3 hobgoblins (D:1)
  2 frilled lizards
  A kobold (D:1)
  2 rats (D:1)
17 creatures vanquished.

Notes
Turn   | Place    | Note
-------+----------+-------------------------------------------
     0 | D:1      | pilgrim the Kobold Enchanter began the quest for the Orb.
     0 | D:1      | Reached XP level 1. HP: 10/10 MP: 3/3
   422 | D:1      | Upgraded the game from 0.26.1-2-gb8aa6d0cf2 to
                  | 0.26.1-10-gdfb7c7de75
   487 | D:1      | Reached XP level 2. HP: 15/15 MP: 5/5
   935 | D:1      | Reached XP level 3. HP: 19/19 MP: 6/6
  1584 | D:2      | Slain by a worm

Illustrated notes

Levels and vault maps discovered:
D:1:      wander_arrival_lonely_grave, layout_loops_corners,
          minmay_misc_feat_iff
D:2:      layout_rooms, overflow_temple_1_default, hangedman_ru_absence

Skill      XL: |  1  2 |
---------------+-------+-----
Short Blades   | 2 |  2.7
Dodging        | |  2.4
Stealth        | |  4.6
Spellcasting   | |  2.3
Hexes          | |  3.0

Action                   || total
-------------------------++-------
Melee: Dagger            ||    57
Throw: Dart              ||    17
       Stone             ||     3
 Cast: Corona            ||     3
 Stab: Sleeping          ||    11
Armor: Leather armour    ||     2
Dodge: Dodged            ||    27
